 Dungeon Crawl Stone Soup version 0.29-a0-837-g174bc33265 (webtiles) character file.

Game seed: 6173431674982900378

1278 Gargoyl the Trooper (level 8, -20/76 HPs)
             Began as a Gargoyle Berserker on July 13, 2022.
             Was a Priest of Trog.
             Demolished by an ogre
             ... wielding a +0 giant spiked club
              (36 damage)
             ... on level 6 of the Dungeon.
             The game lasted 00:06:59 (4990 turns).

Gargoyl the Trooper (Gargoyle Berserker)            Turns: 4990, Time: 00:07:01

Health: -20/76     AC: 24    Str: 21    XL:     8   Next: 54%
Magic:  8/8        EV:  2    Int:  8    God:    Trog [***...]
Gold:   118        SH:  0    Dex: 11    Spells: 7/7 levels left

rFire   + . .      SeeInvis .   q - +0 war axe (chaos)
rCold   + . .      Faith    .   (no shield)
rNeg    + . .      Spirit   .   (body armour currently unavailable)
rPois   ∞          Reflect  .   (helmet currently unavailable)
rElec   .          Harm     .   (cloak currently unavailable)
rCorr   .          Rampage  .   (gloves currently unavailable)
Will    .....      NoTele   +   (boots currently unavailable)
Stlth   ++........              f - amulet of regeneration
HPRegen 1.02/turn               s - +4 ring of slaying
MPRegen 0.11/turn               A - ring of the Sky {rF+ rC+}

@: tree-form
A: stationary, stasis, torment immunity, boosted hp, sickness immunity, AC +5,
negative energy resistance 1, (electricity resistance), torment resistance 1,
petrification resistance
a: Renounce Religion, Berserk, Trog's Hand


You were on level 6 of the Dungeon.
You worshipped Trog.
Trog was most pleased with you.
You were a tree.
You visited 1 branch of the dungeon, and saw 6 of its levels.

You collected 338 gold pieces.
You spent 220 gold pieces at shops.

Inventory:

Hand Weapons
 d - a +2 dagger of draining
 q - a +0 war axe of chaos (weapon)
Missiles
 c - 11 poisoned darts (quivered)
Armour
 n - a +0 scale mail (melded)
 v - the +4 hat "Roufi" (melded) {rElec rPois Int-4 Stlth+}
   (You acquired it on level 6 of the Dungeon)

   Int:       It affects your intelligence (-4).
   rElec:     It insulates you from electricity.
   rPois:     It protects you from poison.
   Stlth:     It makes you more stealthy.
 w - a +0 pair of boots (melded)
Jewellery
 f - an amulet of regeneration (around neck)
 h - a ring of flight
 s - a +4 ring of slaying (left branch)
 t - a ring of protection from fire
 y - the amulet of Darkness {Acrobat Fly rC+}
   (You found it on level 6 of the Dungeon)

   [amulet of the acrobat]

   It increases your evasion while moving and waiting.
   rC:        It protects you from cold.
   Fly:       It grants you flight.
 A - the ring of the Sky (right branch) {rF+ rC+}
   (You found it on level 6 of the Dungeon)

   [ring of protection from cold]

   rF:        It protects you from fire.
   rC:        It protects you from cold.
Wands
 x - a wand of mindburst (13)
Scrolls
 a - 4 scrolls of fog
 u - 2 scrolls of teleportation
Potions
 b - 4 potions of heal wounds
 e - 2 potions of ambrosia
 g - a potion of might
 i - 6 potions of curing
 k - 5 potions of haste
 l - a potion of berserk rage
 m - a potion of brilliance
 o - 2 potions of resistance
 p - a potion of mutation {unknown}
 r - 2 potions of flight {unknown}
 z - a potion of cancellation {unknown}
 B - 2 potions of degeneration {unknown}


   Skills:
 + Level 5.7 Fighting
 + Level 4.1 Short Blades
 + Level 5.0 Axes
 + Level 4.9 Armour
 + Level 3.6 Dodging
 + Level 2.1 Stealth


You had 7 spell levels left.
You didn't know any spells.
Your spell library was empty.

Dungeon Overview and Level Annotations

Branches:
Dungeon (6/15)             Temple (0/1) D:5

Altars:
Elyvilon
Okawaru
Sif Muna
Trog

Shops:
D:5 !

Annotations:
D:6 Dowan, Duvessa


Innate Abilities, Weirdness & Mutations

You are a tree.
Your roots penetrate the ground, keeping you stationary.
You cannot be teleported.
You are immune to unholy pain and torment.
Your maximum health is greatly increased.
Your equipment is partially melded.
You are immune to sickness and miasma.
((Your stone body is resilient. (AC +5)))
You are immune to poison.
You resist negative energy. (rN+)
((You are resistant to electric shocks. (rElec)))
You are resistant to unholy torment.
You are immune to petrification.


Message History

The jelly quivers.
You see here 2 grey potions.
The jelly misses you.
You hit the jelly. You freeze the jelly.
Your hands burn!
The jelly is heavily wounded.
The jelly hits you but does no damage.
You slash the jelly!
You kill the jelly!
Trog accepts your kill.
Your Axes skill increases to level 5!
HP restored.
B - 2 grey potions As you open the door, it creaks loudly!
There is an open door here.
Duvessa and an ogre come into view.
There are monsters nearby!
You hit the ogre.
The ogre goes berserk!
The ogre is moderately wounded.
Duvessa shouts!
The ogre closely misses you. x2
You slash the ogre!
The ogre resists with some effort.
The ogre is heavily wounded.
The ogre barely misses you.
You hit the ogre. You burn the ogre.
The ogre is heavily wounded.
The ogre hits you with a +0 giant spiked club!!!
Ouch! That really hurt!
* * * LOW HITPOINT WARNING * * *
Dowan, Brother of Duvessa comes into view.
He is wielding a +0 dagger.
Dowan shouts!
Okay, then.
Unknown command.
Really quaff the potion of lignification?
You turn into a tree.
The +4 hat "Roufi" {rElec rPois Int-4 Stlth+} melds into your body.
Your +0 pair of boots melds into your body.
Your +0 scale mail melds into your body.
Your roots penetrate the ground.
The ogre hits you with a +0 giant spiked club!!!
You die...

###
#######.#
e...e.O.#
#♣# #.#
##########
#.#
#.>......#
#.#
#........#
#.#
#........#
#.#
##..<.....#
#.#
.+........#
#.#
.#........#
#.#


You could see Duvessa, an ogre (berserk) and Dowan.

Vanquished Creatures
  Grinder (D:5)
  Sigmund (D:2)
  A steam dragon (D:6)
  A black bear (D:5)
  A phantom (D:5)
  A scorpion (D:2)
  2 vampire bats (D:4)
  A hound (D:5)
  2 jellies
  2 iguanas
  Jessica (D:2)
  2 orc wizards
  4 gnolls (D:2)
  10 adders
  2 white imps
  A dart slug (D:1)
  14 orcs
  10 bats
  10 endoplasms
  3 giant cockroaches
  8 goblins
  4 hobgoblins
  7 jackals
  5 kobolds
  5 quokkas
  12 ball pythons
  3 frilled lizards (D:1)
  4 rats
118 creatures vanquished.

Vanquished Creatures (others)
  2 fungi (D:1)
  7 plants (D:3)
9 creatures vanquished.

Grand Total: 127 creatures vanquished

Notes
Turn   | Place    | Note
-------+----------+-------------------------------------------
     0 | D:1      | Gargoyl the Gargoyle Berserker began the quest for the Orb.
     0 | D:1      | Reached XP level 1. HP: 14/14 MP: 1/1
   451 | D:1      | Reached XP level 2. HP: 19/19 MP: 2/2
   488 | D:1      | Found a faded altar of an unknown god.
   712 | D:1      | Reached XP level 3. HP: 24/24 MP: 3/3
   874 | D:1      | Reached ** piety under Trog
  1206 | D:2      | Noticed Jessica
  1223 | D:2      | Reached skill level 1 in Short Blades
  1223 | D:2      | Reached XP level 4. HP: 7/29 MP: 4/4
  1225 | D:2      | Killed Jessica
  1311 | D:2      | Reached XP level 5. HP: 33/33 MP: 5/5
  1360 | D:2      | Reached skill level 1 in Stealth
  1367 | D:2      | Noticed Sigmund
  1378 | D:2      | Killed Sigmund
  1379 | D:2      | Reached XP level 6. HP: 39/39 MP: 6/6
  1759 | D:3      | Reached XP level 7. HP: 44/44 MP: 7/7
  1762 | D:3      | Reached *** piety under Trog
  2761 | D:4      | Found a bloodstained altar of Trog.
  2925 | D:4      | Found a white marble altar of Elyvilon.
  3229 | D:4      | Reached skill level 5 in Fighting
  3555 | D:5      | Entered Level 5 of the Dungeon
  3555 | D:5      | Found Farchur's Distillery.
  3561 | D:5      | Bought a potion of heal wounds for 55 gold pieces
  3561 | D:5      | Bought a potion of heal wounds for 55 gold pieces
  3561 | D:5      | Bought a potion of resistance for 110 gold pieces
  3665 | D:5      | Reached **** piety under Trog
  3691 | D:5      | Found an iron altar of Okawaru.
  3703 | D:5      | Identified the +5 rapier of Fate {venom, +Blink rF+ rN+
                  | Dex-5}
  3781 | D:5      | Found a staircase to the Ecumenical Temple.
  3917 | D:5      | Reached XP level 8. HP: 35/49 MP: 8/8
  4213 | D:5      | Found a white marble altar of Elyvilon.
  4214 | D:5      | Found a shimmering blue altar of Sif Muna.
  4257 | D:5      | Noticed Grinder
  4270 | D:5      | Killed Grinder
  4680 | D:6      | Identified a scroll of acquirement
  4680 | D:6      | Acquired the +4 hat "Roufi" {rElec rPois Int-4 Stlth+}
  4740 | D:6      | Identified the amulet of Darkness {Acrobat Fly rC+}
  4855 | D:6      | Identified the ring of the Sky {rF+ rC+}
  4892 | D:6      | Reached skill level 5 in Axes
  4986 | D:6      | Noticed Duvessa
  4989 | D:6      | Noticed Dowan
  4990 | D:6      | Demolished by an ogre

Illustrated notes

Levels and vault maps discovered:
D:1:      onia_arrival_pentagram, layout_loops_ring,
          shapermc_ecumenical_altar_mp_urbaneastern
D:2:      layout_rooms, uniq_jessica, uniq_sigmund
D:3:      layout_loops_ring, serial_forest, infiniplex_forest_lined_2,
          infiniplex_forest_end_1, infiniplex_forest_lined_room_3,
          infiniplex_forest_lined_room_3, infiniplex_forest_clump_large,
          infiniplex_forest_lined_corner, infiniplex_forest_straight_2,
          infiniplex_forest_clump_C
D:4:      layout_cave_pods, lemuel_doored_altar, serial_park, serial_park_gazebo
          [serial_park_minivault_5x5_8], serial_park_fountain,
          serial_park_square2, grunt_decor_cap, roderic_batcave
D:5:      layout_layer_cave, gammafunk_temple_overflow_statue,
          okawaru_gym_becter, minmay_temple_entry_gardened_gates, serial_shops,
          shop_statue, uniq_grinder
D:6:      layout_basic, serial_glass, glass_columns_c, glass_columns_c,
          nicolae_benzene_ring, uniq_prince_ribbit1, uniq_duvessa

Skill      XL: |  1  2  3  4  5  6  7  8 |
---------------+-------------------------+-----
Axes           | 3 5 |  5.0
Fighting       | 4 5 |  5.7
Short Blades   | 1 3 4 |  4.1
Dodging        | 2 3 |  3.6
Stealth        | 1 2 |  2.1
Armour         | 4 |  4.9

Action                   |  1- 3 |  4- 6 |  7- 9 || total
-------------------------+-------+-------+-------++-------
Melee: Hand axe          |    14 |       |       ||    14
       Dagger            |    99 |   107 |   101 ||   307
       Punch             |     1 |     2 |     1 ||     4
       War axe           |       |       |   110 ||   110
Invok: Berserk           |     1 |     1 |     1 ||     3
       Trog's Hand       |       |     2 |     2 ||     4
  Use: Scroll            |     8 |     2 |     6 ||    16
       Potion            |       |       |     1 ||     1
Armor: Animal skin       |    38 |     6 |       ||    44
       Scale mail        |       |    41 |   152 ||   193
Dodge: Dodged            |    79 |    57 |   120 ||   256

Table legend: (Time is in decaauts)
 A = Elapsed time spent in this place.
 B = Non-inter-level travel time spent in this place.
 C = Inter-level travel time spent in this place.
 D = Time resting spent in this place.
 E = Time spent auto-exploring this place.
 F = Levels seen in this place.
 G = Mean time per level.
                   A        B        C        D        E       F      G
               +--------+--------+--------+--------+--------+-----+--------+
         Total |   5016 |   4828 |    188 |      0 |   3710 |   6 |  836.0 |
       Dungeon |   5016 |   4828 |    188 |      0 |   3710 |   6 |  836.0 |
               +--------+--------+--------+--------+--------+-----+--------+

Top non-repeatable levels by time:
     D:1: 1159 daAuts
     D:5: 1137 daAuts
     D:4: 959 daAuts
     D:3: 814 daAuts
     D:2: 625 daAuts
     D:6: 319 daAuts
